 Dungeon Crawl Stone Soup version 0.31-a0-112-gdf0485fa37 (webtiles) character file.

Game seed: 15370776303427540842

53 benadryl the Ruffian (level 3, -2/36 HPs)
             Began as a Troll Fighter on May 28, 2023.
             Slain by Grinder (6 damage)
             ... on level 3 of the Dungeon.
             The game lasted 00:02:06 (1592 turns).

benadryl the Ruffian (Troll Fighter)                Turns: 1592, Time: 00:02:07

Health: -2/36      AC:  4    Str: 26    XL:     3   Next: 62%
Magic:  2/2        EV:  8    Int:  4    God:
Gold:   108        SH:  7    Dex:  9    Spells: 2/2 levels left

rFire   . .          .
                       - Unarmed
rCold   . . .        b - +0 kite shield
rNeg    . . .        a - +0 robe
rPois   .            (helmet restricted)
rElec   .            (no cloak)
rCorr   +            (gloves unavailable)
SInv    .            (boots unavailable)
Will    .....        (no amulet)
Stlth   +            e - ring of resist corrosion
HPRegen 1.06/turn    (no ring)
MPRegen 0.08/turn

%: no passive effects
@: no status effects
A: large, unfitting armour, claws 3, regeneration 1, shaggy fur 1, tough skin 1
a: no special abilities


You were on level 3 of the Dungeon.
You visited 1 branch of the dungeon, and saw 3 of its levels.

You collected 108 gold pieces.

Inventory:

Missiles
 p - 4 large rocks (quivered)
Armour
 a - a +0 robe (worn)
 b - a +0 kite shield (worn)
Jewellery
 e - a ring of resist corrosion (left claw)
 j - a ring of flight
 m - a ring of willpower
 n - a +4 ring of protection
Scrolls
 h - a scroll of blinking {unknown}
 i - a scroll of vulnerability {unknown}
 o - 3 scrolls of identify {unknown}
 q - a scroll of fog {unknown}
Potions
 c - a potion of might
 d - a potion of mutation {unknown}
 f - 2 potions of magic {unknown}
 g - 2 potions of curing {unknown}
 k - a potion of heal wounds {unknown}
 l - 2 potions of berserk rage {unknown}


   Skills:
 - Level 2.4 Fighting
 - Level 2.4 Dodging
 - Level 2.6 Shields
 * Level 4.1 Unarmed Combat


You had 2 spell levels left.
You didn't know any spells.
Your spell library contained the following spells:

 Spells                   Type           Power      Damage    Failure   Level
 Sandblast                Erth           0%         2d4       77%         1
 Passwall                 Tmut/Erth      0%         N/A       88%         2
 Stone Arrow              Conj/Erth      0%         3d7       98%         3


Dungeon Overview and Level Annotations

Branches:
Dungeon (3/15)

Altars:
Vehumet

Shops:
D:1 *   D:3 =

Annotations:
D:3 Grinder


Innate Abilities, Weirdness & Mutations

You are too large for most types of armour.
You have claws for hands.
Your natural rate of healing is unusually fast.
You are covered in fur. (AC +1)
You have tough skin. (AC +1)


Message History

A goblin comes into view. It is wielding a +0 club.
The goblin shouts!
The goblin hits you with a +0 club.
You claw the goblin!
You kill the goblin!
No target in view!
Grinder comes into view.
Grinder shouts!
Things that are here:
a +0 club; a goblin corpse
Found a sapphire potion.
There is an escape hatch in the ceiling here.
Grinder barely misses you.
You barely miss Grinder.
Grinder blinks!
Grinder gestures at you. You resist with significant effort. Grinder hits you.
You barely miss Grinder. You block Grinder's attack.
You claw Grinder!
Grinder is moderately wounded.
Grinder hits you.
You writhe in agony.
You closely miss Grinder.
Grinder is moderately wounded.
Grinder gestures at you.
You suddenly lose the ability to move!
Grinder hits you!
You can move again.
You barely miss Grinder.
Grinder is moderately wounded.
Grinder hits you.
You claw Grinder!
Grinder is severely wounded.
Grinder hits you!
* * * LOW HITPOINT WARNING * * *
You claw Grinder!
Grinder is almost dead.
Grinder hits you.
* * * LOW HITPOINT WARNING * * *
You writhe in agony.
You die...

..# #.# ..# #.# ..# #.#
..# #.# ..# #.#
.(########### #.#
............####.######.#
..####........)5@.......#
.......#########.########
######## #.# ... ##.##
#.# #.# #.!


You could see Grinder.

Vanquished Creatures
  An orc (D:3)
  A bat (D:3)
  8 endoplasms
  4 giant cockroaches
  3 goblins
  6 hobgoblins
  3 kobolds
  5 quokkas
  6 ball pythons
  2 frilled lizards
  4 rats
43 creatures vanquished.

Notes
Turn   | Place    | Note
-------+----------+-------------------------------------------
     0 | D:1      | benadryl the Troll Fighter began the quest for the Orb.
     0 | D:1      | Reached XP level 1. HP: 22/22 MP: 0/0
     1 | D:1      | Noticed an electric eel
   122 | D:1      | Found Nammarou's Assorted Antiques.
   174 | D:1      | Reached XP level 2. HP: 29/29 MP: 1/1
   266 | D:1      | Reached skill level 3 in Unarmed Combat
   585 | D:2      | Reached XP level 3. HP: 36/36 MP: 2/2
  1405 | D:3      | Found Ischoneg's Jewellery Emporium.
  1409 | D:3      | Reached skill level 4 in Unarmed Combat
  1461 | D:3      | Found a radiant altar of Vehumet.
  1576 | D:3      | Noticed Grinder
  1588 | D:3      | Paralysed by Grinder for 2 turns
  1592 | D:3      | Slain by Grinder

Illustrated notes

Levels and vault maps discovered:
D:1:      arrival_aquarium_a, layout_basic, serial_shops, nicolae_shop_peninsula
D:2:      layout_loops_corners, minmay_pentomino_r2
D:3:      minmay_chambers_of_threes, layout_loops_ring, fiery_altar_vehumet,
          serial_shops, shop, chequers_serial_rivers_micro_e, uniq_grinder,
          uniq_crazy_yiuf_cottage

Skill      XL: |  1  2  3 |
---------------+----------+-----
Unarmed Combat | 3 4 |  4.1
Fighting       | |  2.4
Dodging        | |  2.4
Shields        | |  2.6

Action                     || total
---------------------------++-------
  Melee: Unarmed           ||    97
 Armour: Robe              ||    19
  Dodge: Dodged            ||    21
  Block: Kite shield       ||    33

Table legend: (Time is in decaauts)
 A = Elapsed time spent in this place.
 B = Non-inter-level travel time spent in this place.
 C = Inter-level travel time spent in this place.
 D = Time resting spent in this place.
 E = Time spent auto-exploring this place.
 F = Levels seen in this place.
 G = Mean time per level.
                   A        B        C        D        E       F      G
               +--------+--------+--------+--------+--------+-----+--------+
         Total |   1596 |   1493 |    103 |      5 |   1225 |   3 |  532.0 |
       Dungeon |   1596 |   1493 |    103 |      5 |   1225 |   3 |  532.0 |
               +--------+--------+--------+--------+--------+-----+--------+

Top non-repeatable levels by time:
     D:2: 883 daAuts
     D:1: 525 daAuts
     D:3: 187 daAuts
